 Dungeon Crawl Stone Soup version 0.26-a0-752-gcff87cac9a (webtiles) character file.

Game seed: 9383215113383678838

941 Forecaster the Stinger (level 8, -8/64 HPs)
             Began as a Naga Venom Mage on Nov 6, 2020.
             Was an Initiate of Sif Muna.
             Mangled by an ice beast (12 damage)
             ... on level 6 of the Dungeon.
             The game lasted 00:20:50 (6470 turns).

Forecaster the Stinger (Naga Venom Mage)            Turns: 6470, Time: 00:20:51

Health: -8/64      AC:  7    Str: 12    XL:     8   Next: 12%
Magic:  15/15      EV:  8    Int: 17    God:    Sif Muna [......]
Gold:   37         SH:  0    Dex: 11    Spells: 6/16 levels left

rFire    . . .     SeeInvis +   g - +5 short sword
rCold    . . .     Faith    .   (no shield)
rNeg     . . .     Spirit   .   a - +0 robe
rPois    +         Reflect  .   (no helmet)
rElec    .         Harm     .   j - scarf {+Inv}
rCorr    .         Rampage  .   (no gloves)
MR       +....                  x - +0 barding
Stlth    +++.......             (no amulet)
HPRegen  0.20/turn              (no ring)
MPRegen  0.14/turn              (no ring)

@: very slow
A: large, see invisible, deformed body, poison resistance, slowness 2, spit
poison 1, AC +2
a: Spit Poison, Renounce Religion, Evoke Invisibility


You were on level 6 of the Dungeon.
You worshipped Sif Muna.
Sif Muna was noncommittal.
You visited 2 branches of the dungeon, and saw 7 of its levels.

You collected 202 gold pieces.
You spent 165 gold pieces at shops.

Inventory:

Hand Weapons
 f - a +0 dagger
 g - a +5 short sword (weapon)
Missiles
 d - 30 poisoned darts (quivered)
Armour
 a - a +0 robe (worn)
 j - a scarf of invisibility (worn)
 l - the +1 robe of the Thinker {rN++ MP-9 Str+2}
   (You bought it in a shop on level 4 of the Dungeon)

   It affects your strength (+2).
   It greatly protects you from negative energy.
   It affects your magic capacity (-9).
 x - a +0 barding (worn)
Scrolls
 e - 2 scrolls of blinking {unknown}
 h - 4 scrolls of teleportation {unknown}
 m - a scroll of magic mapping {unknown}
 n - a scroll of amnesia {unknown}
 o - 3 scrolls of fear {unknown}
 s - a scroll of noise {unknown}
 t - a scroll of remove curse
 u - a scroll of enchant armour {unknown}
 v - a scroll of identify
 y - a scroll of random uselessness {unknown}
Potions
 b - 3 potions of curing {unknown}
 c - 3 potions of ambrosia
 i - a potion of magic
 k - a potion of haste
 p - 6 potions of might
 q - a potion of attraction
 r - a potion of brilliance
 w - 2 potions of lignification {unknown}


   Skills:
 + Level 1.1 Fighting
 + Level 2.4 Short Blades
 + Level 2.0 Dodging
 + Level 4.8 Stealth
 + Level 4.8 Spellcasting
 + Level 1.2 Transmutations
 + Level 0.2 Fire Magic
 + Level 3.4 Air Magic
 + Level 7.5 Poison Magic


You had 6 spell levels left.
You knew the following spells:

 Your Spells              Type           Power        Failure   Level
a - Sting                 Tmut/Pois      ###.         2%          1
b - Poisonous Vapours     Pois/Air       ###...       2%          2
c - Olgreb's Toxic Radia  Pois           ####....     7%          4
d - Ignite Poison         Fire/Tmut/Pois ##......     13%         3

Your spell library contained the following spells:

 Spells                   Type           Power        Failure   Level
 Spider Form              Tmut/Pois      ###.......   7%          3
 Beastly Appendage        Tmut           #.....       9%          1
 Mephitic Cloud           Conj/Pois/Air  ###.....     10%         3
 Wereblood                Tmut           #.......     13%         2
 Ice Form                 Ice/Tmut       #.......     73%         4
 Blade Hands              Tmut           #.........   94%         5


Dungeon Overview and Level Annotations

Branches:
Dungeon (6/15)             Temple (1/1) D:4

Altars:
Cheibriados
Dithmenos
Elyvilon
Fedhas
Okawaru
Qazlal
Sif Muna
Trog
Uskayaw
Zin

Shops:
D:4 [


Innate Abilities, Weirdness & Mutations

You cannot wear boots.
Your serpentine skin is tough. (AC +2)
You have supernaturally acute eyesight. (SInv)
Armour fits poorly on your strangely shaped body.
Your system is resistant to poisons. (rPois)
You cover ground very slowly.
You can spit poison.


Message History

The ice beast closely misses you.
You closely miss the ice beast.
The ice beast is almost dead.
The ice beast hits you but does no damage.
You hit the ice beast.
The ice beast is almost dead.
The ice beast hits you. The ice beast freezes you!
You barely miss the ice beast.
The ice beast is almost dead.
The ice beast hits you. The ice beast freezes you!
You barely miss the ice beast.
The ice beast is almost dead.
The ice beast hits you. The ice beast freezes you!
* * * LOW HITPOINT WARNING * * *
You hit the ice beast but do no damage.
The ice beast is almost dead.
The ice beast hits you.
* * * LOW HITPOINT WARNING * * *
The ice beast freezes you!
You die...

###.### #..........#
#...#######..........#
###...<..............#
#########..........#
##........##
##........##
#..........#
#..........#
#.[.@......#
#...Y......#
#....).....#
##..$.....##
##......## ########


You could see an ice beast.

Vanquished Creatures
  An ogre (D:5)
  A phantom (D:4)
  3 scorpions (D:4)
  A bullfrog skeleton (D:4)
  4 orc priests
  A hound (D:4)
  An iguana (D:4)
  4 orc wizards
  Natasha (D:2)
  2 worker ants (D:4)
  A hound skeleton (D:3)
  A howler monkey zombie (D:6)
  A worker ant zombie (D:5)
  A gnoll (D:1)
  7 adders
  A white imp (D:5)
  An ufetubus (D:5)
  A worm (D:5)
  7 dart slugs
  2 leopard geckos
  14 orcs
  8 bats
  3 giant cockroaches
  11 goblins
  9 hobgoblins
  9 jackals
  4 quokkas
  A ball python skeleton (D:5)
  A ball python zombie (D:5)
  7 frilled lizards
  A jackal skeleton (D:4)
  3 kobolds
  A leopard gecko skeleton (D:5)
  6 rats
120 creatures vanquished.

Notes
Turn   | Place    | Note
-------+----------+-------------------------------------------
     0 | D:1      | Forecaster the Naga Venom Mage began the quest for the Orb.
     0 | D:1      | Reached XP level 1. HP: 15/15 MP: 3/3
   229 | D:1      | Reached XP level 2. HP: 15/22 MP: 1/5
   236 | D:1      | Learned a level 2 spell: Poisonous Vapours
   891 | D:1      | Reached XP level 3. HP: 28/28 MP: 3/6
  1581 | D:2      | Reached XP level 4. HP: 36/36 MP: 4/7
  1587 | D:2      | Learned a level 4 spell: Olgreb's Toxic Radiance
  2134 | D:2      | Found a shadowy altar of Dithmenos.
  2413 | D:2      | Noticed Natasha
  2416 | D:2      | Killed Natasha
  2416 | D:2      | Reached skill level 1 in Air Magic
  2416 | D:2      | Reached skill level 5 in Poison Magic
  2791 | D:3      | Reached XP level 5. HP: 42/42 MP: 6/9
  2796 | D:3      | Learned a level 3 spell: Ignite Poison
  3191 | D:3      | Reached skill level 1 in Short Blades
  3491 | D:3      | Reached XP level 6. HP: 50/50 MP: 2/11
  3991 | D:4      | Reached skill level 6 in Poison Magic
  4231 | D:4      | Found Ysogyud's Antique Armour Shoppe.
  4276 | D:4      | Reached XP level 7. HP: 35/56 MP: 7/12
  4667 | D:4      | Found a staircase to the Ecumenical Temple.
  4677 | Temple   | Entered the Ecumenical Temple
  4767 | D:4      | Reached skill level 7 in Poison Magic
  5333 | D:5      | Entered Level 5 of the Dungeon
  5440 | D:5      | Reached XP level 8. HP: 62/63 MP: 2/14
  5442 | D:5      | Found a white marble altar of Elyvilon.
  5446 | D:5      | Found a stormy altar of Qazlal.
  5446 | D:5      | Found a blossoming altar of Fedhas.
  5458 | D:5      | Found a shimmering blue altar of Sif Muna.
  5466 | D:5      | Became a worshipper of Sif Muna the Loreminder
  5521 | D:5      | Found a bloodstained altar of Trog.
  5960 | D:4      | Bought an ominously black robe for 165 gold pieces
  5970 | D:4      | Identified the +1 robe of the Thinker {rN++ MP-9 Str+2}
                  | (You bought it in a shop on level 4 of the Dungeon)
  6450 | D:6      | Reached skill level 1 in Fighting
  6470 | D:6      | Mangled by an ice beast

Illustrated notes

Levels and vault maps discovered:
D:1:      minmay_arrival_shattered_statue, layout_basic, serial_bayou_ford_a,
          hangedman_abyss_or_decor_stabs
D:2:      layout_basic, nicolae_dithmenos_through_a_glass_darkly, uniq_natasha
D:3:      layout_loops_ring
D:4:      layout_loops_corners, temple_fountains, serial_shops, shop_statue,
          minmay_misc_feat_pillars
D:5:      layout_loops_ring, minmay_overflow_temple_star_hex
D:6:      minmay_angry_zag, layout_rooms, lemuel_doored_altar,
          portal_sewer_entry_b, lightli_ossuary_entry_decrepit_ruins,
          kennysheep_generic_room_9, uniq_sigmund, uniq_duvessa,
          uniq_blork_the_orc
Temple:   zaba_magenta_temple

Skill      XL: |  1  2  3  4  5  6  7  8 |
---------------+-------------------------+-----
Stealth        | 4 |  4.8
Spellcasting   | 3 4 |  4.8
Air Magic      | 1 2 3 |  3.4
Poison Magic   | 5 6 7 |  7.5
Short Blades   | 1 2 |  2.4
Dodging        | 2 |  2.0
Fighting       | 1 |  1.1
Transmutations | |  1.2
Fire Magic     | |  0.2

Action                   |  1- 3 |  4- 6 |  7- 9 || total
-------------------------+-------+-------+-------++-------
Melee: Short sword       |    38 |    45 |    53 ||   136
       Dagger            |     4 |       |       ||     4
       Unarmed           |     2 |       |       ||     2
 Cast: Sting             |     8 |       |       ||     8
       Poisonous Vapours |    25 |    67 |    28 ||   120
       Olgreb's Toxic Ra |       |       |     2 ||     2
       Ignite Poison     |       |       |     2 ||     2
  Use: Scroll            |     4 |     6 |       ||    10
       Potion            |       |       |     1 ||     1
 Stab: Sleeping          |       |     1 |     5 ||     6
       Distracted        |       |       |     1 ||     1
Armor: Robe              |    12 |     5 |    11 ||    28
Dodge: Dodged            |    24 |    18 |    21 ||    63

Table legend: (Time is in decaauts)
 A = Elapsed time spent in this place.
 B = Non-inter-level travel time spent in this place.
 C = Inter-level travel time spent in this place.
 D = Time resting spent in this place.
 E = Time spent auto-exploring this place.
 F = Levels seen in this place.
 G = Mean time per level.
                   A        B        C        D        E       F      G
               +--------+--------+--------+--------+--------+-----+--------+
         Total |   7798 |   7324 |    474 |    696 |   5599 |   7 | 1114.0 |
       Dungeon |   7797 |   7323 |    474 |    696 |   5599 |   6 | 1299.5 |
        Temple |      1 |      1 |      0 |      0 |      0 |   1 |    1.0 |
               +--------+--------+--------+--------+--------+-----+--------+

Top non-repeatable levels by time:
     D:4: 1910 daAuts
     D:2: 1690 daAuts
     D:1: 1527 daAuts
     D:3: 1366 daAuts
     D:5: 1159 daAuts
     D:6: 142 daAuts
  Temple: 1 daAuts
